 Dungeon Crawl Stone Soup version 0.27.1-34-g3ba077fa99 (webtiles) character file.

Game seed: 14814572292917162803

47 Destapler the Protected (level 3, -2/28 HPs)
             Began as a Gnoll Wanderer on Jan 2, 2022.
             Slain by a kobold (5 damage)
             ... on level 2 of the Dungeon.
             The game lasted 00:05:26 (1265 turns).

Destapler the Protected (Gnoll Wanderer)            Turns: 1265, Time: 00:05:27

Health: -2/28      AC: 10    Str: 16    XL:     3   Next: 70%
Magic:  4/4        EV:  9    Int: 10    God:
Gold:   34         SH:  0    Dex:  8    Spells: 3/3 levels left

rFire    . . .     SeeInvis .   a - +0 mace
rCold    . . .     Faith    .   (no shield)
rNeg     . . .     Spirit   .   b - +2 scale mail
rPois    .         Reflect  .   (no helmet)
rElec    .         Harm     .   (no cloak)
rCorr    .         Rampage  .   (no gloves)
Will     +....                  (no boots)
Stlth    ..........             (no amulet)
HPRegen  0.09/turn              k - ring of willpower
MPRegen  0.09/turn              (no ring)

@: flying
A: fangs 1, strong nose, distributed training
a: no special abilities


You were on level 2 of the Dungeon.
You visited 1 branch of the dungeon, and saw 2 of its levels.

You collected 34 gold pieces.

Inventory:

Hand Weapons
 a - a +0 mace (weapon)
Missiles
 f - 29 stones (quivered)
 i - 19 poisoned darts
Armour
 b - a +2 scale mail (worn)
Jewellery
 k - a ring of willpower (left hand)
Scrolls
 c - a scroll of teleportation
 g - a scroll of brand weapon


   Skills:
 + Level 2.6 Fighting
 + Level 0.9 Short Blades
 + Level 0.9 Long Blades
 + Level 0.9 Axes
 + Level 6.5 Maces & Flails
 + Level 0.9 Polearms
 + Level 0.9 Staves
 + Level 0.9 Slings
 + Level 0.9 Bows
 + Level 0.9 Crossbows
 + Level 0.9 Throwing
 + Level 8.5 Armour
 + Level 0.9 Dodging
 + Level 2.4 Stealth
 + Level 2.6 Shields
 + Level 0.9 Unarmed Combat
 + Level 0.9 Spellcasting
 + Level 0.6 Conjurations
 + Level 0.6 Hexes
 + Level 0.6 Summonings
 + Level 0.6 Necromancy
 + Level 0.6 Translocations
 + Level 0.6 Transmutations
 + Level 0.6 Fire Magic
 + Level 0.6 Ice Magic
 + Level 0.6 Air Magic
 + Level 0.6 Earth Magic
 + Level 0.6 Poison Magic
 + Level 1.0 Invocations
 + Level 0.9 Evocations


You had 3 spell levels left.
You didn't know any spells.
Your spell library was empty.

Dungeon Overview and Level Annotations

Branches:
Dungeon (2/15)

Altars:


Innate Abilities, Weirdness & Mutations

You have very sharp teeth.
Your uncanny sense of smell can sniff out nearby items.
Your experience applies equally to all skills.


Message History

The adder bites you but does no damage.
You feel sick.
You feel sick.
It was a potion of magic.
Magic courses through your body.
You feel sick.
You are no longer poisoned.
The frilled lizard bites you.
* * * LOW HITPOINT WARNING * * *
The frilled lizard hisses.
As you read the scroll labelled JAEKKI DAPS, it crumbles to dust.
It is a scroll of identify.
g - a scroll of brand weapon The frilled lizard bites you.
* * * LOW HITPOINT WARNING * * *
Blink to where?
Press: ? - help, Dir - move target
As you read the scroll labelled ESKAVU USAUFU, it crumbles to dust.
It was a scroll of blinking.
You now have 34 gold pieces (gained 5).
You see here a lumpy ruby potion.
It was a potion of flight.
You feel very buoyant.
You fly up into the air.
As you read the scroll of teleportation, it crumbles to dust.
You feel strangely unstable.
The frilled lizard hisses.
As you read the scroll labelled LUUTON ARUK, it crumbles to dust.
You feel aware of your surroundings.
It was a scroll of magic mapping.
You are too injured to fight recklessly!
You are too injured to fight recklessly!
You closely miss the adder. Your bite misses the adder.
The adder is severely wounded.
The adder barely misses you.
You barely miss the adder.
The adder is severely wounded.
Your surroundings suddenly seem different.
An endoplasm and a kobold come into view.
The kobold shouts!
The endoplasm quivers.
The kobold hits you with a +0 short sword.
You die...

**+** ###*,***,*,* *,*
#..,,,*#,*,* *,*
#.#*,,.,>,,* **,**
#.#**.#*,*** **..,**
#.###.##,*
******,....###......,,*
***,,,,,,........J.#,****
,,,,******,****#.K.#,*
***** *** #@###,* #.....#
#######


You could see an endoplasm and a kobold.

Vanquished Creatures
  An adder (D:2)
  A dart slug (D:1)
  An endoplasm (D:1)
  3 giant cockroaches (D:1)
  3 hobgoblins (D:1)
  6 kobolds
  4 quokkas
  5 ball pythons
  2 bats (D:1)
  2 frilled lizards (D:1)
  4 goblins (D:1)
  3 rats
35 creatures vanquished.

Notes
Turn   | Place    | Note
-------+----------+-------------------------------------------
     0 | D:1      | Destapler the Gnoll Wanderer began the quest for the Orb.
     0 | D:1      | Destapler set off with the following items: a +0 mace, a +2
                  | scale mail, a scroll of teleportation
     0 | D:1      | Reached XP level 1. HP: 17/17 MP: 1/1
    61 | D:1      | Reached XP level 2. HP: 21/23 MP: 2/2
   536 | D:1      | Reached XP level 3. HP: 24/28 MP: 3/3
   919 | D:1      | Found a faded altar of an unknown god.
   967 | D:2      | Reached skill level 1 in Invocations
  1250 | D:2      | HP: 1/28 [frilled lizard (1)]
  1265 | D:2      | Slain by a kobold

Illustrated notes

Levels and vault maps discovered:
D:1:      eino_arrival_tree_alley, layout_loops_ring,
          dilly_ecumenical_altar_fadedgnrine
D:2:      layout_loops_corners, minmay_randomly_rotated_circles, uniq_terence

Skill      XL: |  1  2  3 |
---------------+----------+-----
Invocations    | 1 |  1.0
Fighting       | |  2.6
Short Blades   | |  0.9
Long Blades    | |  0.9
Axes           | |  0.9
Maces & Flails | |  6.5
Polearms       | |  0.9
Staves         | |  0.9
Slings         | |  0.9
Bows           | |  0.9
Crossbows      | |  0.9
Throwing       | |  0.9
Armour         | |  8.5
Dodging        | |  0.9
Stealth        | |  2.4
Shields        | |  2.6
Unarmed Combat | |  0.9
Spellcasting   | |  0.9
Conjurations   | |  0.6
Hexes          | |  0.6
Summonings     | |  0.6
Necromancy     | |  0.6
Translocations | |  0.6
Transmutations | |  0.6
Fire Magic     | |  0.6
Ice Magic      | |  0.6
Air Magic      | |  0.6
Earth Magic    | |  0.6
Poison Magic   | |  0.6
Evocations     | |  0.9

Action                   || total
-------------------------++-------
Melee: Mace              ||   135
       Bite              ||    11
Throw: Stone             ||    42
  Use: Scroll            ||     4
       Potion            ||     2
Armor: Scale mail        ||    83
Dodge: Dodged            ||    71
